AoeStats
← Cooler Kekstyp

Lombardia

509309678Analyzed
2v2 RM · 7d ago on Sep 26, 2026· 28m 12s· 4 players
Game mode
Random Map
Map size
Medium (4 player)
Population
200
Speed
Normal
Resources
Standard
Victory
Conquest
Starting age
Dark Age
Ending age
Imperial Age
RankedLock teamsTeams togetherTeam positionsShared explorationLock speedFull tech treeHidden civsTurbo modeCheats
Victory
Defeat
🇭🇺 Bulgarians · Hungary
1253
+16
🇲🇽 Mongols · Mexico
1247
+16
🇩🇪 Danes · Germany
1249
-16
🇩🇪 Varangians · Germany
1246
-16
Dr. Volodnikov
11:03 Feudal Age
14:59 Castle Age
13:41 Double-Bit Axe
13:37 Horse Collar
15:06 Loom
25:21 Scale Barding Armor
26:42 Wheelbarrow
28:23 Bloodlines
Cooler Kekstyp
5:11 Loom
11:46 Feudal Age
21:41 Double-Bit Axe
24:39 Castle Age
22:55 Horse Collar
23:21 Scale Mail Armor
24:57 Pikeman
28:38 Fletching
chespi08
2:11 Loom
10:36 Feudal Age
11:03 Double-Bit Axe
11:10 Gold Mining
11:44 Horse Collar
19:35 Castle Age
18:16 Bloodlines
18:28 Stone Mining
18:51 Forging
19:01 Scale Barding Armor
19:26 Fletching
20:44 Bow Saw
20:39 Husbandry
21:43 Heavy Plow
23:54 Gold Shaft Mining
24:03 Stone Shaft Mining
24:54 Gold Shaft Mining
25:25 Iron Casting
26:21 Chain Barding Armor
26:39 Wheelbarrow
26:37 Padded Archer Armor
26:33 Town Watch
28:42 Hand Cart
peterbrny
8:02 Loom
10:25 Feudal Age
11:17 Double-Bit Axe
12:37 Forging
14:30 Scale Barding Armor
17:41 Horse Collar
18:35 Bloodlines
23:12 Castle Age
24:02 Husbandry
24:40 Bow Saw
24:23 Gold Mining
27:25 Iron Casting
28:28 Chain Barding Armor
Connection lost

Rejoining the realm…

Still unreachable

The connection could not be restored.

Session expired

The server has moved on; the page needs a fresh start.